 Dungeon Crawl Stone Soup version 0.31-a0-174-g85c54bcb58 (webtiles) character file.

Game seed: 2613511524557188673

212056 cforsyth the Alchemist (level 17, 0/86 HPs)
             Began as a Felid Summoner on June 15, 2023.
             Was an Initiate of Gozag.
             Shot with a bolt by a yaktaur (19 damage)
             ... led by a vault warden
             ... on level 2 of the Vaults on June 16, 2023.
             The game lasted 03:03:54 (70695 turns).

cforsyth the Alchemist (Felid Summoner)            Turns: 70695, Time: 03:03:55

Health: 0/86       AC: 17    Str:  4    XL:     17   Next: 76%
Magic:  16/34      EV: 52    Int: 23    God:    Gozag
Gold:   7982       SH:  0    Dex: 20    Spells: 10/40 levels left
                                        Lives:  0   Deaths: 3

rFire   + .          .
                       - Unarmed
rCold   . . .        (shield unavailable)
rNeg    + . .        (body armour unavailable)
rPois   ∞            (helmet unavailable)
rElec   +            (cloak unavailable)
rCorr   .            (gloves unavailable)
SInv    +            (boots unavailable)
Will    +++..        b - amulet of the acrobat
Stlth   +++          K - ring "Zigiurra" {Fly rElec Will+ SInv}
HPRegen 0.34/turn    F - ring of Yfooder {rPois rF+ rN+}
MPRegen 0.24/turn

%: acrobat
@: storm-form, forested, gold aura, acrobatic, flying
A: cleaving, insubstantial, flying, very small, (claws 1), (fangs 3), see
invisible, (speed 1), (shaggy fur 3), (stealthy paws), no weapons or thrown
items, no armour, multi-lived, thin skeletal structure 1, (cold resistance 1),
(poison resistance), MP-powered wands
}: 2/15 runes: decaying, gossamer
a: Blinkbolt, End Transformation, Renounce Religion, Potion Petition, Call
Merchant, Bribe Branch


You were on level 2 of the Vaults.
You worshipped Gozag.
Gozag was greatly pleased with you.
You were a lightning-filled tempest!
You visited 7 branches of the dungeon, and saw 33 of its levels.
You also visited: Sewer, Ossuary, Bailey and Gauntlet.

You collected 12833 gold pieces.
You spent 456 gold pieces at shops.
You paid 4395 gold pieces to Gozag.

Inventory:

Jewellery
 b - an amulet of the acrobat (around neck)
 c - a +6 ring of intelligence
 f - a ring of protection from cold
 j - a ring of resist corrosion
 r - the ring "Ihent" {rPois rC+ Will+ Stlth+}
   (You found it on level 4 of the Spider Nest)

   [ring of protection from cold]

   rC:        It protects you from cold.
   rPois:     It protects you from poison.
   Will:      It increases your willpower.
   Stlth:     It makes you more stealthy.
 s - an amulet of regeneration
 F - the ring of Yfooder (right paw) {rPois rF+ rN+}
   (You found it in a Gauntlet)

   [ring of poison resistance]

   rF:        It protects you from fire.
   rPois:     It protects you from poison.
   rN:        It protects you from negative energy.
 G - a ring of protection from cold
 K - the ring "Zigiurra" (left paw) {Fly rElec Will+ SInv}
   (You found it in a Gauntlet)

   [ring of flight]

   rElec:     It insulates you from electricity.
   SInv:      It lets you see invisible.
   Fly:       It grants you flight.
   Will:      It increases your willpower.
 N - a ring of wizardry
 O - a +6 ring of strength
Wands
 m - a wand of paralysis (47)
 x - a wand of light (5)
 y - a wand of roots (11)
 C - a wand of mindburst (15)
 H - a wand of flame (46)
Scrolls
 g - 2 scrolls of torment
 h - 9 scrolls of teleportation
 o - 5 scrolls of amnesia
 t - 2 scrolls of poison
 u - 5 scrolls of identify
 z - 5 scrolls of revelation
 D - 2 scrolls of fog
 E - 8 scrolls of fear
 I - 4 scrolls of vulnerability
 J - 3 scrolls of silence
Potions
 a - 5 potions of magic
 d - 10 potions of attraction
 e - 2 potions of cancellation
 i - 12 potions of curing
 k - 8 potions of ambrosia
 l - 7 potions of brilliance
 n - 3 potions of resistance
 p - 8 potions of might
 q - 5 potions of mutation
 v - 6 potions of lignification
 w - a potion of berserk rage {unknown}
 A - 3 potions of haste
 B - 5 potions of heal wounds
 L - 2 potions of invisibility


   Skills:
 + Level 16.0 Fighting
 - Level 15.5 Dodging
 - Level 2.6 Stealth
 + Level 11.1 Unarmed Combat
 - Level 12.0 Spellcasting
 - Level 4.0 Hexes
 - Level 12.1 Summonings
 - Level 4.0 Translocations
 + Level 16.8 Transmutations
 - Level 16.0 Air Magic


You had 10 spell levels left.
You knew the following spells:

 Your Spells              Type           Power      Damage    Failure   Level
a - Storm Form            Tmut/Air       36%        N/A       4%          7
b - Call Imp              Summ           100%       N/A       1%          2
c - Call Canine Familiar  Summ           63%        N/A       1%          3
d - Summon Guardian Gole  Hex/Summ       50%        N/A       1%          3
e - Summon Lightning Spi  Summ/Air       68%        N/A       1%          4
f - Summon Forest         Summ/Tloc      25%        N/A       4%          5
g - Summon Small Mammal   Summ           100%       N/A       1%          1
h - Summon Mana Viper     Hex/Summ       50%        N/A       4%          5

Your spell library contained the following spells:

 Spells                   Type           Power      Damage    Failure   Level
 Beastly Appendage        Tmut           100%       N/A       0%          1
 Wereblood                Tmut           75%        N/A       0%          2
 Apportation              Tloc           64%        N/A       1%          1
 Blink                    Tloc           64%        N/A       1%          2
 Static Discharge         Conj/Air       100%       2-7/arc   1%          2
 Spider Form              Tmut/Pois      51%        N/A       1%          3
 Vhi's Electric Charge    Tloc/Air       100%       N/A       1%          3
 Airstrike                Air            36%        2d(6-22)  1%          4
 Ice Form                 Ice/Tmut       51%        N/A       1%          4
 Blade Hands              Tmut           37%        N/A       1%          5
 Silence                  Hex/Air        28%        N/A       1%          5
 Confusing Touch          Hex            32%        N/A       2%          3
 Gell's Gravitas          Tloc           32%        N/A       2%          3
 Teleport Other           Tloc           32%        N/A       2%          3
 Tukima's Dance           Hex            32%        N/A       2%          3
 Ensorcelled Hibernation  Hex/Ice        46%        N/A       3%          2
 Summon Ice Beast         Ice/Summ       41%        N/A       3%          4
 Dragon Form              Tmut           37%        N/A       3%          7
 Freeze                   Ice            52%        1d6       4%          1
 Kiss of Death            Conj/Necr      52%        2d9       4%          1
 Necrotise                Necr           52%        1d6       4%          1
 Alistair's Intoxication  Tmut/Pois      34%        N/A       4%          5
 Arcjolt                  Conj/Air       25%        1d35      4%          5
 Irradiate                Conj/Tmut      25%        3d20      4%          5
 Dazzling Flash           Conj/Hex       46%        N/A       6%          3
 Sublimation of Blood     Necr           13%        N/A       7%          2
 Manifold Assault         Tloc           32%        N/A       9%          4
 Passage of Golubria      Tloc           32%        N/A       9%          4
 Frozen Ramparts          Ice            26%        1d4       14%         3
 Hailstorm                Conj/Ice       13%        3d5       14%         3
 Leda's Liquefaction      Hex/Erth       11%        N/A       21%         4
 Eringya's Noxious Bog    Tmut/Pois      25%        N/A       22%         6
 Plasma Beam              Fire/Air       25%        2x1d37    26%         6
 Monstrous Menagerie      Summ           31%        N/A       26%         7
 Summon Hydra             Summ           31%        N/A       26%         7
 Dispel Undead            Necr           13%        3d9       41%         4
 Agony                    Necr           13%        N/A       77%         5
 Borgnjor's Vile Clutch   Necr/Erth      6%         N/A       77%         5
 Iskenderun's Battlesphe  Conj           13%        2d7       77%         5
 Lee's Rapid Deconstruct  Erth           6%         3d6*      77%         5
 Dispersal                Tloc           16%        N/A       80%         6
 Malign Gateway           Summ/Tloc      25%        N/A       82%         7
 Summon Horrible Things   Summ           31%        N/A       91%         8
 Spellforged Servitor     Conj/Summ      20%        N/A       97%         7
 Leda's Unmaking          Conj/Erth      6%         9d2       100%        6
 Lehudib's Crystal Spear  Conj/Erth      6%         10d3      100%        8
 Dragon's Call            Summ           31%        N/A       100%        9
 Portal Projectile        Hex/Tloc       Unusable   N/A       N/A         3
 Simulacrum               Ice/Necr       Unusable   N/A       N/A         6

Dungeon Overview and Level Annotations

Branches:
Dungeon (15/15)            Temple (1/1) D:7            Lair (5/5) D:11
  Swamp (4/4) Lair:3       Spider (4/4) Lair:2        Slime (0/5) Lair:5
    Orc (2/2) D:9             Elf (0/3) Orc:2        Vaults (2/5) D:14
 Depths (0/4) D:15          Sewer (visited)         Ossuary (visited)
 Bailey (visited)         Gauntlet (visited)
  Crypt: Vaults:2-3

Altars:
Ashenzari
Cheibriados
Dithmenos
Elyvilon
Gozag
Hepliaklqana
Kikubaaqudgha
Makhleb
Nemelex Xobeh
Okawaru
Ru
Sif Muna
Trog
Vehumet
Wu Jian
Xom
Yredelemnul
Zin
The Shining One
Jiyva

Shops:
D:4 :   D:7 :   D:12 (   D:14 =   D:15 ?   Orc:2 [:(!   Lair:1 =::*:

Portals:
Hell: Lair:5

Annotations:
Lair:5 1 runed translucent door


Innate Abilities, Weirdness & Mutations

You are a lightning-filled tempest!
Your electrical attacks strike out in all directions at once.
You are incredibly evasive.
Your insubstantial body is immune to petrification, constriction, and being set on fire You are flying.
((You have sharp claws.))
((You have razor-sharp teeth.))
You have supernaturally acute eyesight. (SInv)
((You cover ground quickly. (Speed+)))
((Your thick and shaggy fur keeps you warm. (AC +3, rC+)))
((Your paws help you pounce on unaware monsters.))
You are incapable of wielding weapons or throwing items.
You cannot wear armour.
You gain extra lives every three experience levels.
You have a somewhat thin skeletal structure. (Dex +2, Stealth+)
((Your flesh is cold resistant. (rC+)))
((Your system is resistant to poisons. (rPois)))
You expend magic power (3 MP) to strengthen your wands.


Message History

Confirm with . or Enter, or press ? or * to list all spells.
A forested plane collides here with a resounding crunch!
Your dryad calls out to the forest.
The forest starts to sway and rumble!
The dire elephant tramples you!!
* * * LOW HITPOINT WARNING * * *
You are shoved backwards!
Casting: Summon Forest (dangerous; 4% risk of failure)
Confirm with . or Enter, or press ? or * to list all spells.
A mana viper appears with a sibilant hiss.
The dire elephant is hit by a branch!
A root lunges up near the yaktaur.
The dire elephant tramples your mana viper!
Your mana viper holds its ground!
The dire elephant trunk-slaps your mana viper.
Your dryad hits the yaktaur. Branches wave dangerously above you.
A tree reaches out and hits the dire elephant!
The dire elephant tramples your mana viper!
Your mana viper holds its ground!
The dire elephant trunk-slaps your mana viper.
Your mana viper bites the dire elephant but does no damage.
The yaktaur wields a +0 arbalest.
The yaktaur shoots a bolt.
The bolt completely misses you.
Your dryad calls out to the forest.
Vines fly forth from the trees!
Branches wave dangerously above you.
A root smacks the dire elephant from below!
Your mana viper bites the dire elephant!
The dire elephant barely misses your mana viper.
The dire elephant closely misses your mana viper.
Something hits the dire elephant.
The yaktaur shoots a bolt.
The bolt completely misses you.
Your dryad completely misses the yaktaur.
A root smacks the dire elephant from below!
Your mana viper bites the dire elephant!
The dire elephant dies!
Your snaplasher vine grabs the yaktaur.
Your snaplasher vine hits the yaktaur.
Your snaplasher vine constricts the yaktaur.
The yaktaur shoots a bolt.
The bolt hits you!!
You die...
Your body crumbles into a pile of gold.

##♣♣#♣######
#########./........#
#.......#│.....─♣..#
#.......#w..../....# #
#.......#....w[....# #
#.......#..R.......#
###.......#..c.......#
..#.......'.wS.......#
..'.......#.└♣)8v....#
###.......#####♣######
########### ..# ..#
### # #


You could see a yaktaur (ally target), a friendly dryad (summoned), a friendly
mana viper (summoned), 3 friendly snaplasher vines and a friendly lightning
spire (summoned).

Vanquished Creatures
  Jorgrun (Spider:1)
  2 thorn hunters (Swamp:3)
  Donald (Swamp:4)
  A fenstrider witch (Swamp:3)
  4 vault wardens
  3 emperor scorpions
  3 ghost moths
  2 ghouls (Swamp:4)
  A very ugly thing (Vaults:1)
  9 broodmothers
  2 ironbound preservers (Vaults:1)
  An eleionoma (Swamp:2)
  5 bunyips
  A dire elephant (Vaults:2)
  11 hydras
  3 yaktaur captains (Vaults:1)
  3 entropy weavers
  A fire dragon (Swamp:4)
  A radroach (Spider:4)
  4 ironbound frosthearts
  3 jorogumos
  A boulder beetle (D:15)
  5 demonic crawlers
  7 pharaoh ants
  6 deep trolls
  6 swamp dragons
  2 goliath frogs
  A sun moth (Spider:4)
  A bog body (Swamp:3)
  A lindwurm (Swamp:4)
  3 spriggan druids
  9 orb spiders
  5 steelbarb worms
  A cyclops (D:11)
  11 wolf spiders
  2 will-o-the-wisps (Swamp:3)
  An oklob plant (Spider:3)
  5 moths of wrath
  2 vault sentinels (Vaults:1)
  2 torpor snails
  11 yaktaurs
  A freezing wraith (Vaults:1)
  A red devil (Lair:5)
  3 hornets
  14 tarantellas
  A wind drake (shapeshifter) (D:14)
  2 nameless horrors
  4 tyrant leeches (Swamp:3)
  2 blink frogs
  10 jumping spiders
  11 slime creatures (Vaults:1)
  2 spriggans (Swamp:2)
  A yak (Lair:3)
  13 culicivoras
  A hog (Swamp:3)
  23 redbacks
  A warg (Orc:1)
  9 swamp worms
  2 acid dragons (Spider:3)
  A hell hound (Lair:5)
  4 swamp drakes
  A bullfrog (D:8)
  An orc wizard (Orc:2)
  3 quokkas
  A ball python (D:1)
  2 bats (D:1)
  A spectral weapon (Swamp:1)
259 creatures vanquished.

Vanquished Creatures (collateral kills)
  Mara (Swamp:3)
  Gastronok (Lair:2)
  An acid blob (Spider:3)
  A thorn hunter (Swamp:4)
  A vault warden (Vaults:2)
  An emperor scorpion (Spider:4)
  A ghost moth (Spider:4)
  A ghoul (Swamp:4)
  A formless jellyfish (Vaults:1)
  5 ironbound preservers
  An ironbound thunderhulk (Vaults:2)
  A broodmother (Spider:3)
  Nessos (Lair:4)
  2 dire elephants (Vaults:2)
  2 spark wasps
  Azrael (D:13)
  A bunyip (Swamp:3)
  An ettin (D:15)
  Josephine (D:10)
  4 entropy weavers
  A shambling mangrove (Swamp:3)
  9 hydras
  2 ghost crabs
  7 vault guards
  2 jorogumos
  6 boulder beetles
  A catoblepas (Lair:3)
  5 centaur warriors
  8 alligators
  5 two-headed ogres
  5 demonic crawlers
  4 death yaks
  2 tengu warriors (D:14)
  A hell knight (D:15)
  3 spriggans
  3 orc high priests
  2 skysharks (Lair:5)
  7 skeletal warriors
  3 goliath frogs
  2 pharaoh ants
  2 spriggan druids
  A fire crab (Lair:5)
  A sixfirhy (Lair:5)
  5 swamp dragons
  14 deep trolls
  A wizard (Lair:5)
  4 bog bodies (Swamp:1)
  8 orb spiders
  3 lindwurms
  3 steelbarb worms
  2 necromancers (D:15)
  5 deep elf pyromancers
  3 wolf spiders
  4 orc knights
  7 ugly things
  4 manticores
  7 orc sorcerers
  6 cyclopes
  3 will-o-the-wisps
  Joseph (D:10)
  3 black mambas
  A smoke demon (Lair:5)
  2 torpor snails
  An eye of devastation (Gauntlet)
  5 moths of wrath
  11 elephants
  A gargoyle (D:14)
  2 orange demons (Lair:5)
  8 cane toads
  An unseen horror (D:11)
  5 komodo dragons
  8 yaktaurs
  Psyche (D:12)
  4 kobold demonologists
  7 rime drakes
  An ice devil (Lair:5)
  A freezing wraith (D:14)
  A red devil (Lair:5)
  9 trolls
  2 polar bears (Lair:4)
  8 tyrant leeches
  4 meliai
  4 hornets
  14 tarantellas
  17 blink frogs
  11 dream sheep
  8 culicivoras
  4 flying skulls (Gauntlet)
  Sigmund (D:4)
  12 slime creatures
  16 jumping spiders
  6 wraiths
  5 shadows
  2 vampires
  3 wyverns
  4 hogs (Swamp:3)
  4 fire elementals (D:13)
  4 basilisks
  16 redbacks
  20 yaks
  A golden eye (Gauntlet)
  9 vampire mosquitoes
  10 swamp worms
  A warg (Orc:1)
  4 hell hounds
  6 acid dragons
  18 water moccasins
  A floating eye (Gauntlet)
  4 swamp drakes
  26 orc warriors
  A black bear (Lair:1)
  2 wolves (Lair:1)
  5 ogres
  A boggart (D:11)
  6 centaurs
  A phantom (D:6)
  3 kobold brigands
  2 elf zombies (Ossuary)
  12 bullfrogs
  3 nameless horrors
  2 scorpions
  11 wights
  9 killer bees
  3 howler monkeys (D:10)
  A crimson imp (D:6)
  A human zombie (Ossuary)
  2 jellies
  22 orc priests
  3 gnoll boudas
  A hound (D:5)
  A sleepcap (D:7)
  4 hell rats (Lair:3)
  16 orc wizards
  2 mummies (Ossuary)
  7 adders
  19 gnolls
  12 river rats
  5 white imps
  An adder zombie (Ossuary)
  4 worms
  A dart slug (D:2)
  59 orcs
  4 endoplasms
  A giant cockroach (D:1)
  3 hobgoblins
  10 jackals
  7 kobolds
  A quokka (D:4)
  15 ball pythons
  4 bats
  5 frilled lizards
  10 goblins
  2 goblin zombies (Ossuary)
  17 hobgoblin zombies (Ossuary)
  A jackal zombie (Ossuary)
  9 kobold zombies (Ossuary)
  3 orc zombies (Ossuary)
  32 rats
  A rat zombie (Ossuary)
  A spectral hobgoblin (D:8)
856 creatures vanquished.

Vanquished Creatures (others)
  Kirke (Swamp:3)
  An orc warlord (Orc:2)
  A stone giant (D:11)
  The ghost of Starbright the Nimble, a journeyman OpCj of Ru (Lair:5)
  A minotaur (Gauntlet)
  2 yaktaur captains
  An entropy weaver (shapeshifter) (D:15)
  A vault guard (D:14)
  2 boulder beetles
  2 two-headed ogres (D:12)
  2 centaur warriors
  A death yak (Lair:4)
  An orc high priest (Orc:2)
  A demonic crawler (Spider:2)
  A spriggan (Swamp:1)
  A skyshark (Lair:3)
  A skeletal warrior (D:14)
  A sun moth (Spider:4)
  A deep troll (D:15)
  3 orc knights
  A deep elf pyromancer (D:12)
  An ugly thing (D:11)
  An orc sorcerer (Orc:2)
  A cyclops (D:11)
  3 manticores
  A slime creature (D:12)
  4 elephants
  3 black mambas
  A gargoyle (D:12)
  A torpor snail (Lair:5)
  6 cane toads
  3 komodo dragons
  An unseen horror (D:11)
  An ice devil (Lair:5)
  3 yaktaurs
  A tengu conjurer (D:13)
  A bloated husk (Swamp:3)
  3 trolls
  A meliai (D:8)
  A hornet (Swamp:1)
  3 polar bears
  3 blink frogs
  A tarantella (Spider:2)
  3 dream sheep (Lair:3)
  A jumping spider (Spider:2)
  3 flying skulls (Gauntlet)
  A wyvern (D:7)
  4 yaks
  A redback (Spider:2)
  A steam dragon (D:9)
  A swamp worm (Lair:3)
  7 vampire mosquitoes
  An acid dragon (D:12)
  3 water moccasins (Lair:5)
  5 orc warriors
  A swamp drake (D:9)
  An ogre (D:7)
  4 centaurs
  3 wolves (Lair:1)
  A gnoll sergeant (D:8)
  A wight (D:8)
  A gnoll bouda (D:10)
  An orc wizard (Orc:2)
  2 orcs (D:9)
  8 foxfires
  34 snaplasher vines
159 creatures vanquished.

Grand Total: 1274 creatures vanquished

Notes
Turn   | Place    | Note
-------+----------+-------------------------------------------
     0 | D:1      | cforsyth the Felid Summoner began the quest for the Orb.
     0 | D:1      | Reached XP level 1. HP: 7/7 MP: 4/4
   371 | D:1      | Reached XP level 2. HP: 11/11 MP: 3/6
  1121 | D:2      | Learned a level 2 spell: Call Imp
  1264 | D:2      | Reached XP level 3. HP: 8/14 MP: 1/8
  1768 | D:2      | Learned a level 3 spell: Call Canine Familiar
  2338 | D:3      | Reached XP level 4. HP: 18/18 MP: 5/9
  2342 | D:3      | Learned a level 3 spell: Summon Guardian Golem
  2389 | D:3      | You fall into a shaft and drop 1 floor!
  2520 | D:3      | Found a shimmering blue altar of Sif Muna.
  2815 | D:3      | Reached skill level 1 in Hexes
  2815 | D:3      | Reached skill level 5 in Summonings
  3261 | D:4      | Noticed an ogre
  3283 | D:4      | Killed an ogre
  3284 | D:4      | Reached XP level 5. HP: 21/21 MP: 3/11
  3349 | D:4      | Found Roiluon's Book Emporium.
  3866 | D:4      | Noticed Sigmund
  3899 | D:4      | Killed Sigmund
  3900 | D:4      | Gained mutation: You are covered in thick fur. (AC +2)
                  | [Felid growth]
  3900 | D:4      | Reached XP level 6. HP: 24/24 MP: 10/13
  3905 | D:4      | Learned a level 4 spell: Summon Lightning Spire
  4188 | D:5      | Entered Level 5 of the Dungeon
  4407 | D:5      | Found a glowing drain.
  4430 | Sewer    | Entered a sewer
  4690 | Sewer    | Reached XP level 7. HP: 27/27 MP: 7/14
  4750 | Sewer    | Reached skill level 1 in Air Magic
  4937 | Sewer    | Noticed a nameless horror
  5236 | Sewer    | Killed a nameless horror
  5886 | D:6      | Reached skill level 5 in Spellcasting
  6004 | D:6      | Noticed a nameless horror
  6021 | D:6      | Killed a nameless horror
  6203 | D:6      | Reached XP level 8. HP: 31/31 MP: 5/17
  6387 | D:6      | Found an ornate altar of the Wu Jian Council.
  6774 | D:6      | Found a burning altar of Makhleb.
  6774 | D:6      | Found a radiant altar of Vehumet.
  7631 | D:7      | Reached XP level 9. HP: 34/34 MP: 18/20
  7771 | D:7      | Found Awnor's Book Emporium.
  7932 | D:7      | Found a staircase to the Ecumenical Temple.
  7947 | Temple   | Entered the Ecumenical Temple
  7987 | Temple   | Became a worshipper of Gozag Ym Sagoz the Greedy
  8196 | D:8      | Found a sand-covered staircase.
  8251 | Ossuary  | Entered an ossuary
  8919 | D:8      | Reached skill level 10 in Summonings
  9186 | D:8      | Found a hazy altar of Hepliaklqana.
  9284 | D:8      | Noticed a meliai
  9286 | D:8      | Noticed a centaur warrior
  9297 | D:8      | Killed a meliai
  9298 | D:8      | Reached XP level 10. HP: 26/37 MP: 12/24
  9318 | D:8      | Killed a centaur warrior
  9723 | D:8      | Noticed a boulder beetle
  9766 | D:8      | Killed a boulder beetle
  9767 | D:8      | Reached skill level 10 in Spellcasting
 10447 | D:9      | Found a basalt altar of Yredelemnul.
 10615 | D:9      | Found a broken altar of Ashenzari.
 10773 | D:9      | Found a shimmering altar of Xom.
 10786 | D:9      | Reached skill level 1 in Fighting
 10856 | D:9      | Found an ancient bone altar of Kikubaaqudgha.
 11372 | D:9      | HP: 2/40 [orc priest/divine providence (13)]
 11782 | D:9      | Found a staircase to the Orcish Mines.
 11965 | D:10     | Entered Level 10 of the Dungeon
 12016 | D:10     | Reached skill level 5 in Dodging
 12017 | D:10     | Noticed Josephine
 12032 | D:10     | Noticed Joseph
 12040 | D:10     | Killed Josephine
 12041 | D:10     | Reached XP level 11. HP: 21/46 MP: 7/26
 12056 | D:10     | Killed Joseph
 12192 | D:10     | Found a flagged portal.
 12198 | Bailey   | Entered a bailey
 12356 | Bailey   | Noticed an orc knight
 12366 | Bailey   | Reached skill level 5 in Fighting
 12368 | Bailey   | Killed an orc knight
 12442 | Bailey   | Found a large runed translucent door.
 12442 | Bailey   | Found a large runed translucent door.
 12469 | Bailey   | Noticed a deep elf pyromancer
 12565 | Bailey   | Killed a deep elf pyromancer
 12660 | D:10     | Noticed a two-headed ogre
 12672 | D:10     | Killed a two-headed ogre
 13335 | D:10     | Found the +5 woodcutter's axe
 14020 | D:11     | Noticed a centaur warrior
 14027 | D:11     | Shot with an arrow by a centaur warrior
 14028 | D:11     | Reached XP level 10. HP: -3/47 MP: 17/25
 14042 | D:11     | Killed a centaur warrior
 14043 | D:11     | Reached skill level 10 in Dodging
 14246 | D:11     | Noticed a manticore
 14247 | D:11     | Noticed a skeletal warrior
 14255 | D:11     | Killed a manticore
 14280 | D:11     | Killed a skeletal warrior
 14281 | D:11     | Reached XP level 11. HP: 51/51 MP: 10/26
 14423 | D:11     | Noticed a skeletal warrior
 14438 | D:11     | Killed a skeletal warrior
 14640 | D:11     | Noticed a boulder beetle
 14655 | D:11     | Killed a boulder beetle
 14952 | D:11     | Noticed a two-headed ogre
 14963 | D:11     | Killed a two-headed ogre
 15012 | D:11     | Noticed an orc knight
 15026 | D:11     | Killed an orc knight
 15047 | D:11     | Noticed a stone giant
 15053 | D:11     | Noticed a boulder beetle
 15061 | D:11     | Noticed a red ugly thing
 15131 | D:11     | Killed a boulder beetle
 15471 | D:11     | Got Adoulutu's Vademecum on Hail and Topography
 15545 | D:11     | Killed a stone giant
 15557 | D:11     | Killed a purple ugly thing
 15693 | D:11     | Noticed a white ugly thing
 15694 | D:11     | Noticed a purple ugly thing
 15708 | D:11     | Killed a green ugly thing
 15714 | D:11     | Killed a purple ugly thing
 15715 | D:11     | Reached skill level 10 in Fighting
 15929 | D:11     | Noticed a yaktaur captain
 15940 | D:11     | Killed a yaktaur captain
 15941 | D:11     | Gained mutation: Your thick and shaggy fur keeps you warm.
                  | (AC +3, rC+) [Felid growth]
 15941 | D:11     | Reached XP level 12. HP: 58/58 MP: 21/27
 15976 | D:11     | Paralysed by an orc sorcerer for 2 turns
 16497 | D:11     | Noticed a two-headed ogre
 16521 | D:11     | Killed a two-headed ogre
 16616 | D:11     | Noticed a two-headed ogre
 16625 | D:11     | Killed a two-headed ogre
 16855 | D:11     | Found a staircase to the Lair.
 17057 | D:12     | Noticed a two-headed ogre
 17063 | D:12     | Killed a two-headed ogre
 17365 | D:12     | Noticed a two-headed ogre
 17377 | D:12     | Killed a two-headed ogre
 17592 | D:12     | Noticed Psyche
 17660 | D:12     | Killed Psyche
 17973 | D:12     | Found Egoutuad's Antique Weapon Boutique.
 18600 | D:12     | Reached skill level 15 in Dodging
 18872 | Lair:1   | Entered Level 1 of the Lair of Beasts
 19531 | Lair:1   | Reached XP level 13. HP: 64/64 MP: 11/28
 20383 | Lair:1   | Bought a scroll labelled QONUIM JEOLL for 40 gold pieces
 20392 | Lair:1   | Learned a level 5 spell: Summon Forest
 20656 | Lair:2   | Found a gate leading to a gauntlet.
 20666 | Gauntlet | Entered a Gauntlet
 20666 | Gauntlet | Found a transporter.
 20666 | Gauntlet | Found a transporter.
 20666 | Gauntlet | Found a transporter.
 20675 | Gauntlet | Found a transporter.
 20685 | Gauntlet | Found a transporter.
 20700 | Gauntlet | Found a transporter.
 20710 | Gauntlet | Found a transporter.
 20739 | Gauntlet | Found a transporter.
 20745 | Gauntlet | Found a transporter.
 20760 | Gauntlet | Found a transporter.
 20764 | Gauntlet | Found a transporter.
 20767 | Gauntlet | Found a transporter.
 21106 | Gauntlet | Identified the ring of Yfooder {rPois rF+ rN+}
 21776 | Gauntlet | Identified the +3 shortbow of Duefe {speed, *Slow MP+9
                  | Str+5 SInv}
 21776 | Gauntlet | Noticed a minotaur
 21789 | Gauntlet | Killed a minotaur
 22062 | Gauntlet | Identified the staff of poison "Cior" {rPois rF+}
 22062 | Gauntlet | Identified the ring "Zigiurra" {Fly rElec Will+ SInv}
 22064 | Gauntlet | Identified a scroll of acquirement
 22395 | Lair:2   | Noticed Gastronok
 22408 | Lair:2   | Killed Gastronok
 22468 | Lair:2   | Reached skill level 1 in Transmutations
 22934 | Lair:2   | Found a hole to the Spider Nest.
 23568 | Lair:3   | Reached skill level 5 in Air Magic
 24341 | Lair:3   | Reached skill level 5 in Transmutations
 25109 | Lair:3   | Reached XP level 14. HP: 69/69 MP: 21/29
 25622 | Lair:3   | Found a staircase to the Swamp.
 26810 | Lair:4   | Noticed Nessos
 26987 | Lair:3   | HP: 3/69 [poisoned by Nessos]
 27400 | Lair:3   | Acquired a book of Beasts
 27408 | Lair:3   | Learned a level 5 spell: Summon Mana Viper
 27408 | Lair:3   | Acquired Jusotet's Omnibus of Invitation
 27646 | Lair:5   | Entered Level 5 of the Lair of Beasts
 27956 | Lair:5   | Noticed Starbright's ghost (journeyman OpCj)
 27973 | Lair:5   | Found a runed translucent gate.
 27973 | Lair:5   | Found a runed translucent gate.
 28019 | Lair:5   | Found a runed translucent gate.
 29091 | Lair:5   | Found a runed translucent door.
 29091 | Lair:5   | Found a viscous altar of Jiyva.
 29546 | Lair:5   | Found a burning altar of Makhleb.
 30170 | Lair:5   | Found a gateway to Hell.
 30177 | Lair:5   | Identified the +0 pair of gloves of Sloth {rElec}
 30249 | Lair:5   | Found a staircase to the Slime Pits.
 30580 | Lair:5   | Killed Starbright's ghost
 30906 | Lair:1   | Bought an Inescapable Atlas for 416 gold pieces
 31069 | Orc:1    | Entered Level 1 of the Orcish Mines
 31205 | Orc:1    | Reached skill level 10 in Transmutations
 31389 | Orc:2    | Entered Level 2 of the Orcish Mines
 31389 | Orc:2    | Found a staircase to the Elven Halls.
 32471 | Orc:2    | Found Duixt's Distillery.
 32498 | Orc:2    | Reached skill level 10 in Air Magic
 32498 | Orc:2    | Reached XP level 15. HP: 33/72 MP: 21/30
 32628 | Orc:2    | Found Xukus's Book Emporium.
 32635 | Orc:2    | Found Baodocih's Armour Emporium.
 32637 | Orc:2    | Found Acyaheat's Weapon Boutique.
 33455 | Orc:1    | Gained mutation: You occasionally lose the ability to drink
                  | potions when taking damage. [a neqoxec]
 33456 | Orc:1    | Gained mutation: Your magical capacity is low. (-10% MP) [a
                  | neqoxec]
 35045 | D:9      | Learned a level 7 spell: Storm Form
 36156 | Lair:4   | Killed Nessos
 37811 | D:13     | Noticed Azrael
 37822 | D:13     | Killed Azrael
 40889 | D:14     | Found a gate to the Vaults.
 41870 | D:14     | Found Leny's Jewellery Shoppe.
 42261 | D:14     | Found a shimmering altar of Xom.
 42261 | D:14     | Found a shimmering altar of Xom.
 42261 | D:14     | Found a shimmering altar of Xom.
 42261 | D:14     | Found a shimmering altar of Xom.
 42574 | D:15     | Entered Level 15 of the Dungeon
 43168 | D:15     | Reached XP level 16. HP: 76/76 MP: 23/28
 43746 | D:15     | Found The Oracle's Delphic Readings.
 43969 | D:15     | Found a staircase to the Depths.
 44480 | Spider:1 | Entered Level 1 of the Spider Nest
 45806 | Spider:1 | Noticed Jorgrun
 45816 | Spider:1 | Killed Jorgrun
 46482 | Spider:1 | Reached skill level 15 in Transmutations
 50199 | Spider:3 | Noticed an acid blob
 50218 | Spider:3 | Killed an acid blob
 51827 | Spider:3 | Reached XP level 17. HP: 45/79 MP: 16/29
 52251 | Spider:3 | Reached skill level 15 in Air Magic
 52689 | Spider:4 | Entered Level 4 of the Spider Nest
 54531 | Spider:4 | Reached skill level 1 in Unarmed Combat
 55890 | Spider:2 | Lost mutation: You occasionally lose the ability to drink
                  | potions when taking damage. [potion of mutation]
 55890 | Spider:2 | Lost mutation: Your magical capacity is low. (-10% MP)
                  | [potion of mutation]
 55890 | Spider:2 | Gained mutation: Your flesh is cold resistant. (rC+)
                  | [potion of mutation]
 55890 | Spider:2 | Gained mutation: You have hidden genetic potential. [potion
                  | of mutation]
 55890 | Spider:2 | Gained mutation: Your system is resistant to poisons.
                  | (rPois) [potion of mutation]
 56098 | Spider:4 | Annihilated by a pharaoh ant
 56099 | Spider:4 | Reached XP level 16. HP: -26/71 MP: 32/32
 57637 | Spider:4 | Identified the ring "Ihent" {rPois rC+ Will+ Stlth+}
 57684 | Spider:4 | Got a gossamer rune of Zot
 57685 | Spider:4 | Identified the +0 hat of Beetaor {Int+2}
 57884 | Swamp:1  | Entered Level 1 of the Swamp
 58836 | Swamp:1  | Reached skill level 5 in Unarmed Combat
 59669 | Swamp:1  | Reached XP level 17. HP: 81/81 MP: 13/33
 61724 | Swamp:3  | Noticed Mara
 62076 | Swamp:3  | Noticed cforsyth's illusion
 62254 | Swamp:3  | Noticed cforsyth's illusion
 62259 | Swamp:3  | Noticed cforsyth's illusion
 62401 | Swamp:3  | Killed Mara
 63264 | Swamp:3  | Noticed Kirke
 63284 | Swamp:3  | Killed Kirke
 64083 | Swamp:4  | Entered Level 4 of the Swamp
 64268 | Swamp:3  | Slain by a seven-headed hydra
 64269 | Swamp:3  | Reached XP level 16. HP: 0/79 MP: 15/33
 64938 | Swamp:3  | Killed a thorn hunter
 65042 | Swamp:3  | Gained mutation: You have a somewhat thin skeletal
                  | structure. (Dex +2, Stealth+) [hidden potential]
 65509 | Swamp:4  | Noticed a thorn hunter
 65931 | Swamp:4  | Killed a thorn hunter
 66372 | Swamp:4  | Reached skill level 15 in Fighting
 66628 | Swamp:4  | Got a decaying rune of Zot
 66770 | Swamp:4  | Noticed Donald
 66776 | Swamp:4  | Killed Donald
 66777 | Swamp:4  | Reached XP level 17. HP: 85/85 MP: 18/34
 67503 | Vaults:1 | Entered Level 1 of the Vaults
 67947 | Vaults:1 | Reached skill level 10 in Unarmed Combat
 69912 | Vaults:2 | Gained mutation: You expend magic power (3 MP) to
                  | strengthen your wands. [hidden potential]
 69912 | Vaults:2 | Lost mutation: You have hidden genetic potential. [hidden
                  | potential expressed]
 70695 | Vaults:2 | Shot with a bolt by a yaktaur

Illustrated notes

Levels and vault maps discovered:
D:1:      minmay_arrival_nine_rooms, layout_loops_ring, minmay_indecisive_spiral
D:2:      layout_loops_cross, cheibrodos_gnoll_hut
D:3:      layout_loops_ring, nicolae_overflow_crystal_walls
D:4:      layout_loops_ring, serial_shops, nicolae_shop_advertising_works
          [nicolae_subvault_shop_adworks], uniq_sigmund
D:5:      layout_basic, cheibrodos_sewer_entry_sluice
D:6:      nicolae_BIG_FREAKIN_CUBE, layout_rooms,
          grunt_temple_overflow_lords_of_destruction, lemuel_doored_altar,
          minivault_24, st_stairs_5
D:7:      layout_loops_ring, minmay_temple_entry_antechambers, serial_shops,
          shop, hangedman_abyss_or_decor_stagger, minmay_misc_feat_encased
D:8:      nzn_winding_woodlands_medium [nzn_winding_woodlands_5x5_closed_star,
          nzn_winding_woodlands_5x15_cabin,
          nzn_winding_woodlands_5x5_checkerboard,
          nzn_winding_woodlands_5x5_open_star,
          nzn_winding_woodlands_center_triple_pond,
          nzn_winding_woodlands_5x5_default, nzn_winding_woodlands_5x5_cross,
          nzn_winding_woodlands_5x15_pathside_ponds,
          nzn_winding_woodlands_5x5_default], layout_loops_ring,
          nicolae_hepliaklqana_monster_ancestors, nicolae_ossuary_entry_plus
D:9:      layout_loops_ring, mainiacjoe_overflow_tiny_flanked,
          mainiacjoe_overflow_catwalk_spiral, kennysheep_little_box, erik_orc_1,
          grunt_decor_one_mirror, minmay_misc_feat_pillars
D:10:     layout_basic, enter_bailey_3, uniq_josephine, uniq_joseph
D:11:     minmay_complete_graph, layout_gridville, lair_entry_dummy
D:12:     layout_basic, serial_shops, nicolae_shop_hallway_stairs, uniq_psyche
D:13:     layout_layer_cave, minmay_alternating_orb, uniq_azrael
D:14:     layout_loops_corners, erik_vaults_2, serial_shops,
          nicolae_shop_behind_doors, glass_columns_c, xom_shifter_show
D:15:     hangedman_depths_entry_civil_slaughter, layout_basic,
          nicolae_nh_oracle_at_delphi
Temple:   compressed_dpeg_triangle_lava_temple
Lair:1:   layout_regular_city, serial_bayou_shore_a, grunt_megastairs_3
Lair:2:   layout_cave_pods, nicolae_spider_entry_orb_guardian,
          gauntlet_entry_generic, nicolae_quartered_pool_medium,
          infiniplex_staircase_pool_2, uniq_gastronok
Lair:3:   layout_cave_pods, minmay_swamp_entry_worms, kennysheep_abandoned_house
Lair:4:   beast_lair_carwin_large_3, layout_cave_pods, uniq_nessos
Lair:5:   evil_forest, layout_regular_city, slime_entry_2, gammafunk_ghost_split
Swamp:1:  layout_basic_swamp, evilmike_swamp_ruin_house_1
Swamp:2:  layout_falls_marsh, evilmike_swamp_ruin_house_3
Swamp:3:  layout_basic_swamp, evilmike_swamp_ruin_house_2, swamp_pool3,
          grunt_witch_cave, uniq_kirke, uniq_mara
Swamp:4:  swamp_alternative, layout_basic_swamp, swamp_pool3, uniq_donald
Spider:1: layout_chambers, uniq_jorgrun
Spider:2: layout_spider_delve
Spider:3: nicolae_spider_hilbert_zone_2 [nicolae_spider_hilbert_4_sides_1_open,
          nicolae_spider_hilbert_4_sides_1_open,
          nicolae_spider_hilbert_4_sides_1_open,
          nicolae_spider_hilbert_4_sides_1_open,
          nicolae_spider_hilbert_6_sides_1_open,
          nicolae_spider_hilbert_6_sides_1_open,
          nicolae_spider_hilbert_3_sides_1_open,
          nicolae_spider_hilbert_3_sides_1_open,
          nicolae_spider_hilbert_3_sides_1_open,
          nicolae_spider_hilbert_3_sides_1_open,
          nicolae_spider_hilbert_6_sides_1_open,
          nicolae_spider_hilbert_6_sides_1_open,
          nicolae_spider_hilbert_6_sides_1_open,
          nicolae_spider_hilbert_6_sides_1_open], nicolae_spider_acid_house
Spider:4: hellmonk_spider_rune_endless_swarm
Orc:1:    layout_caves
Orc:2:    st_orc_elflike, layout_diamond_mine
Vaults:1: nicolae_vaults_diamond_1, nicolae_vaults_inception_statues,
          nicolae_vaults_closet_pinwheel_1, nicolae_vaults_diamond_1,
          vaults_mumra_chevron, vaults_mumra_hexcomb, v_misc_5, v_misc_14,
          ontoclasm_vaults_loading_screen, layout_vaults_omnicross
Vaults:2: hangedman_vaults_locks, v_misc_22, nicolae_vaults_network_s,
          ontoclasm_vaults_eye, nicolae_vaults_octothorpe,
          minmay_crypt_entry_simple_box, hangedman_vaults_corner_blocks,
          vaults_dpeg_encased_lava, ontoclasm_vaults_gateway, vaults_mumra_lcd,
          nicolae_vaults_doubleplus_tesselated, nicolae_vaults_asterisk,
          v_alt_pattern_5, vaults_dpeg_emergency_exit,
          nicolae_vaults_storage_room_water, nicolae_vaults_storage_room_doors,
          hangedman_vaults_corner_blocks, layout_vaults_maze, serial_shops,
          nicolae_book_shop_shelving

Skill      XL: |  1  2  3  4  5  6  7  8  9 10 11 12 13 14 15 16 17 |
---------------+----------------------------------------------------+-----
Spellcasting   | 3 4 5 7 9 10 12 | 12.0
Hexes          | 2 4 |  4.0
Summonings     | 5 6 7 8 10 11 12 | 12.1
Air Magic      | 2 4 6 10 12 14 16 | 16.0
Dodging        | 10 13 15 | 15.5
Fighting       | 4 10 12 15 16 | 16.0
Translocations | 4 |  4.0
Transmutations | 6 10 13 16 | 16.8
Unarmed Combat | 9 11 | 11.1
Stealth        | |  2.6

Action                     |  1- 3 |  4- 6 |  7- 9 | 10-12 | 13-15 | 16-18 || total
---------------------------+-------+-------+-------+-------+-------+-------++-------
  Melee: Unarmed           |    20 |     3 |    13 |    11 |    51 |   923 ||  1021
         Bite              |     1 |       |     1 |     3 |     6 |       ||    11
         Punch             |       |     1 |       |       |       |    49 ||    50
   Cast: Summon Small Mamm |    76 |    14 |    20 |    10 |    24 |     4 ||   148
         Call Imp          |    13 |    10 |    21 |    18 |    16 |     2 ||    80
         Call Canine Famil |     4 |    15 |    36 |    61 |    90 |    25 ||   231
         Summon Guardian G |       |     4 |    20 |    97 |   146 |    40 ||   307
         Summon Lightning  |       |     1 |    19 |    79 |   113 |    47 ||   259
         Summon Forest     |       |       |       |       |    64 |   142 ||   206
         Summon Mana Viper |       |       |       |       |    81 |   178 ||   259
         Storm Form        |       |       |       |       |     7 |   166 ||   173
 Invoke: Call Merchant     |       |       |       |       |     5 |       ||     5
Ability: Blinkbolt         |       |       |       |       |     2 |    32 ||    34
  Evoke: Wand              |       |       |       |     3 |     2 |       ||     5
    Use: Scroll            |       |    12 |     5 |     2 |    11 |    11 ||    41
         Potion            |       |       |     3 |     2 |     1 |     5 ||    11
   Stab: Distracted        |       |     1 |       |     1 |     4 |    31 ||    37
         Sleeping          |       |       |       |       |       |     1 ||     1
 Armour: Skin              |     3 |       |     1 |     1 |     9 |   182 ||   196
  Dodge: Dodged            |    50 |     8 |    70 |    88 |   360 |  2015 ||  2591

Table legend: (Time is in decaauts)
 A = Elapsed time spent in this place.
 B = Non-inter-level travel time spent in this place.
 C = Inter-level travel time spent in this place.
 D = Time resting spent in this place.
 E = Time spent auto-exploring this place.
 F = Levels seen in this place.
 G = Mean time per level.
                   A        B        C        D        E       F      G
               +--------+--------+--------+--------+--------+-----+--------+
         Total |  66033 |  63962 |   2071 |  18019 |  34293 |  37 | 1784.7 |
       Dungeon |  22339 |  21534 |    805 |   4540 |  12812 |  15 | 1489.3 |
        Temple |     46 |     33 |     13 |      0 |     22 |   1 |   46.0 |
          Lair |  13434 |  12710 |    724 |   4037 |   6586 |   5 | 2686.8 |
         Swamp |   7823 |   7632 |    191 |   2453 |   4073 |   4 | 1955.8 |
   Spider Nest |  12603 |  12406 |    197 |   3971 |   6395 |   4 | 3150.8 |
  Orcish Mines |   3714 |   3605 |    109 |   1566 |   1416 |   2 | 1857.0 |
        Vaults |   3046 |   3018 |     28 |    621 |   1811 |   2 | 1523.0 |
         Sewer |    965 |    965 |      0 |     99 |    583 |   1 |  965.0 |
       Ossuary |    349 |    349 |      0 |      0 |    149 |   1 |  349.0 |
        Bailey |    386 |    386 |      0 |     15 |    194 |   1 |  386.0 |
      Gauntlet |   1323 |   1323 |      0 |    715 |    247 |   1 | 1323.0 |
               +--------+--------+--------+--------+--------+-----+--------+

Top non-repeatable levels by time:
Spider:3: 5329 daAuts
 Swamp:3: 3919 daAuts
  Lair:3: 3858 daAuts
  Lair:5: 3154 daAuts
    D:11: 3152 daAuts
  Lair:4: 2637 daAuts
   Orc:2: 2618 daAuts
    D:13: 2594 daAuts
    D:12: 2588 daAuts
Vaults:1: 2555 daAuts
Spider:1: 2552 daAuts
Spider:4: 2449 daAuts
Spider:2: 2273 daAuts
  Lair:2: 1912 daAuts
  Lair:1: 1871 daAuts
